 Dungeon Crawl Stone Soup version 0.29.1 (webtiles) character file.

Game seed: 13935175842565502622

67 qw the Chopper (level 3, -1/31 HPs)
             Began as a Minotaur Berserker on Sept 13, 2022.
             Was a Believer of Trog.
             Slain by Sigmund
             ... wielding a +0 scythe
              (4 damage)
             ... on level 2 of the Dungeon.
             The game lasted 00:00:28 (1402 turns).

qw the Chopper (Minotaur Berserker)                 Turns: 1402, Time: 00:00:28

Health: -1/31      AC:  4    Str: 23    XL:     3   Next: 98%
Magic:  2/2        EV: 11    Int:  4    God:    Trog [**....]
Gold:   73         SH:  0    Dex:  9    Spells: 2/2 levels left

rFire   . . .      SeeInvis .   Y - +0 hand axe
rCold   . . .      Faith    .   (no shield)
rNeg    . . .      Spirit   .   c - +0 leather armour
rPois   .          Reflect  .   (helmet restricted)
rElec   .          Harm     .   (no cloak)
rCorr   .          Rampage  .   e - +0 pair of gloves
Will    .....                   (no boots)
Stlth   +.........              (no amulet)
HPRegen 0.10/turn               (no ring)
MPRegen 0.08/turn               (no ring)

@: on berserk cooldown, slowed, very slow
A: horns 2, retaliatory headbutt
a: Renounce Religion, Berserk, Trog's Hand


You were on level 2 of the Dungeon.
You worshipped Trog.
Trog was pleased with you.
You visited 1 branch of the dungeon, and saw 2 of its levels.

You collected 73 gold pieces.


Innate Abilities, Weirdness & Mutations

You have a pair of horns on your head.
You reflexively headbutt those who attack you in melee.


   Skills:
 - Level 3.6 Fighting
 + Level 5.9 Axes
 - Level 2.4 Armour
 - Level 2.1 Dodging


You had 2 spell levels left.
You didn't know any spells.
Your spell library was empty.

Inventory:

Hand Weapons
 Y - a +0 hand axe (weapon)
Armour
 c - a +0 leather armour (worn)
 d - a +0 scale mail
 e - a +0 pair of gloves (worn)
Scrolls
 a - a scroll of noise {unknown}
 b - a scroll of poison {unknown}
Potions
 h - a potion of curing {unknown}

Dungeon Overview and Level Annotations

Branches:
Dungeon (2/15)

Altars:

Annotations:
D:2 Sigmund


Message History

You closely miss the kobold. The kobold misses you. You furiously retaliate!
You headbutt the kobold!
You kill the kobold!
Trog accepts your kill.
You start resting.
You feel yourself speed up.
You recover from your berserk rage.
HP restored.
Sigmund the Dreaded comes into view.
He is wielding a +0 scythe.
Sigmund shouts!
Sigmund casts a spell.
Sigmund flickers and vanishes!
Deactivating autopickup; reactivate with Ctrl-A.
1391 ||| INVOKING Berserk.
A red film seems to cover your vision as you go berserk!
You feel yourself moving faster!
You feel mighty!
You swing at nothing.
You feel a strong urge to attack something.
You swing at nothing.
You swing at nothing.
You feel your anger nearly subside.
You swing at nothing.
You are no longer berserk.
You are exhausted.
You feel yourself slow down.
You swing at nothing.
Something hits you but does no damage.
You swing at nothing.
Something hits you!
You swing at nothing.
Something hits you but does no damage.
You swing at nothing.
Something hits you!
You swing at nothing.
Something hits you.
You swing at nothing.
Something hits you.
You swing at nothing.
Something hits you.
You die...

###..## ..... ...#..#
..... ......# . .....
......## ############..
###..
.......####.............
#..
........................
#..
...###...[.%............
#.. ...
#..$.........$..... ###
... #..........@.......
# .. #.......#..........
# # #.....#...)........
#.....##.)%........
#.....##...........
#[....##...........
#.....##...#.......
#..... ....#.......
..#..###....


There were no monsters in sight!

Vanquished Creatures
  Natasha (D:2)
  2 adder skeletons (D:2)
  An adder zombie (D:2)
  3 ball pythons
  3 bats
  2 endoplasms
  3 giant cockroaches
  2 goblins (D:1)
  A hobgoblin (D:1)
  3 kobolds
  2 ball python skeletons (D:2)
  A ball python zombie (D:2)
  4 frilled lizards
  A quokka zombie (D:2)
  7 rats
36 creatures vanquished.

Notes
Turn   | Place    | Note
-------+----------+-------------------------------------------
     0 | D:1      | qw the Minotaur Berserker began the quest for the Orb.
     0 | D:1      | Reached XP level 1. HP: 19/19 MP: 0/0
     0 | D:1      | 0 ||| qw: Version: 0.1-a-119-g272c26d
     0 | D:1      | 0 ||| qw: Game counter: 11209
     0 | D:1      | 0 ||| qw: Always use a shield: true
     0 | D:1      | 0 ||| qw: Do Orc after D:15 true
     0 | D:1      | 0 ||| qw: Do second Lair branch before Depths: true
     0 | D:1      | 0 ||| qw: Lair rune preference: random
     0 | D:1      | 0 ||| qw: Plans: Normal
     0 | D:1      | 0 ||| PLANNING D:1-11
   233 | D:1      | 233 ||| Stepping ~*~*~tactically~*~*~ (stealth).
   240 | D:1      | Reached skill level 4 in Axes
   303 | D:1      | Reached XP level 2. HP: 23/26 MP: 1/1
   711 | D:1      | 711 ||| Stepping ~*~*~tactically~*~*~ (stealth).
  1007 | D:1      | 1007 ||| UPGRADING to +0 leather armour.
  1017 | D:1      | 1017 ||| DROPPING +0 animal skin.
  1018 | D:1      | 1018 ||| UPGRADING to +0 pair of gloves.
  1023 | D:1      | 1023 ||| READING scroll labelled OGAUSA QITZATZ.
  1024 | D:1      | 1024 ||| READING scroll labelled GITESE VOSA.
  1025 | D:1      | 1025 ||| READING scroll labelled HAWKAPP NAUDOT.
  1090 | D:2      | Reached ** piety under Trog
  1091 | D:2      | Reached skill level 5 in Axes
  1151 | D:2      | Reached XP level 3. HP: 31/31 MP: 2/2
  1194 | D:2      | Identified the +4 sling "Falu Los" {vorpal, Fragile rPois
                  | rN+ Str+3}
  1319 | D:2      | Noticed Natasha
  1322 | D:2      | 1322 ||| INVOKING Berserk.
  1324 | D:2      | Killed Natasha
  1390 | D:2      | Noticed Sigmund
  1391 | D:2      | 1391 ||| INVOKING Berserk.
  1401 | D:2      | HP: 3/31 [something (6)]
  1402 | D:2      | Slain by Sigmund

Levels and vault maps discovered:
D:1:      dpeg_cavernosity, layout_basic
D:2:      layout_basic, serial_undead, serial_undead_c, serial_undead_e,
          serial_undead_d, serial_undead_e, serial_undead_f, serial_undead_c,
          serial_undead_c, serial_undead_c, hangedman_decor_points,
          uniq_natasha, uniq_sigmund

Skill      XL: |  1  2 |
---------------+-------+-----
Axes           | 4 5 |  5.9
Fighting       | |  3.6
Armour         | |  2.4
Dodging        | |  2.1

Action                   || total
-------------------------++-------
Melee: Hand axe          ||    64
       Headbutt          ||    12
       Punch             ||     1
Invok: Berserk           ||     2
  Use: Scroll            ||     3
 Stab: Sleeping          ||     1
Armor: Animal skin       ||     3
       Leather armour    ||    11
Dodge: Dodged            ||    40

Table legend:
 A = Non-vault XP
 B = Vault XP
 C = Vault XP percentage of total XP
 D = Non-vault monster count
 E = Vault monster count
 F = Vault count percentage of total count
                 A         B        C        D         E       F
            +---------+---------+-------+---------+---------+-------
      Total |      36 |      60 |  62.5 |      24 |      12 |  33.3
            +---------+---------+-------+---------+---------+-------
        D:1 |      23 |       6 |  20.7 |      15 |       4 |  21.1
        D:2 |      13 |      54 |  80.6 |       9 |       8 |  47.1
            +---------+---------+-------+---------+---------+-------
